Map: [ESL] Gresvan

Players

Reynor - Winner!

  • Race: Zerg Zerg
  • Spawn Location: 11:00

ShoWTimE

  • Race: Protoss Protoss
  • Spawn Location: 5:00

Event: IEM Katowice 2023

VOD

Have the link to the VOD?

Description

Time

  • Played on: Feb. 10, 2023, 5:29 a.m.
  • Length: 16:24

All games in this series

Show
View Real Time Build Order
Export as new Build Order

Reynor Zerg - Winner!

Build Orders: Hatch First, Brood Lord Corruptor 

Get SALT Encoding   

  12  0:00  Drone  
  13  0:11  Overlord  
  13  0:16  Drone  
  14  0:30  Drone x2  
  16  0:47  Hatchery  
  15  0:51  Drone  
  15  0:55  Drone  
  17  0:57  Drone  
  18  1:10  Extractor  
  17  1:13  Spawning Pool  
  17  1:16  Drone  
  17  1:20  Drone  
  18  1:28  Drone  
  19  1:38  Drone  
  20  1:49  Overlord  
  20  2:00  Drone x2, Queen x2  
  26  2:10  Zergling x4  
  28  2:20  Drone  
  28  2:21  Drone  
  30  2:31  Drone  
  30  2:32  Drone  
  30  2:34  Metabolic Boost  
  32  2:39  Hatchery  
  32  2:42  Drone  
  32  2:46  Overlord  
  32  2:53  Queen  
  32  2:56  Zergling x2  
  32  2:57  Zergling x2  
  36  3:04  Queen  
  38  3:05  Drone  
  38  3:10  Overlord  
  38  3:12  Drone  
  40  3:16  Drone x2  
  40  3:18  Drone  
  43  3:21  Overlord  
  43  3:29  Zergling x4  
  43  3:32  Spore Crawler  
  43  3:34  Queen  
  44  3:38  Drone  
  44  3:40  Drone  
  48  3:47  Drone  
  50  3:48  Drone x2  
  50  3:51  Drone, Queen  
  50  3:53  Drone  
  55  3:57  Spore Crawler  
  55  3:58  Drone  
  55  4:02  Drone x2  
  57  4:04  Overlord  
  57  4:06  Drone  
  57  4:08  Drone  
  59  4:15  Drone x3  
  61  4:17  Overlord  
  61  4:20  Evolution Chamber  
  61  4:24  Zergling x4  
  62  4:26  Drone, Spore Crawler  
  62  4:28  Drone  
  62  4:29  Drone  
  64  4:34  Overlord  
  64  4:35  Zergling x4  
  66  4:40  Queen  
  66  4:44  Drone  
  70  4:45  Drone x2  
  70  4:46  Drone  
  70  4:50  Zerg Melee Weapons Level 1  
  70  4:51  Drone x2  
  70  4:52  Drone  
  75  4:54  Drone x2  
  75  4:58  Overlord  
  77  5:04  Drone x3  
  77  5:05  Drone  
  79  5:08  Overlord  
  79  5:09  Drone  
  79  5:14  Drone x3  
  80  5:18  Queen  
  82  5:21  Lair  
  82  5:22  Overlord  
  82  5:27  Drone  
  82  5:28  Drone, Hatchery  
  83  5:31  Drone x3  
  83  5:34  Drone x2  
  86  5:37  Drone x2  
  86  5:41  Extractor, Drone, Roach Warren  
  87  5:42  Extractor  
  87  5:43  Extractor x2  
  87  5:46  Drone x4  
  88  5:51  Overlord  
  88  5:52  Extractor  
  88  5:53  Zergling x8  
  88  5:54  Zergling x2  
  92  5:58  Queen  
  92  6:00  Overlord  
  92  6:03  Zergling x2  
  92  6:04  Zergling x4  
  97  6:06  Overlord  
  96  6:15  Drone  
  96  6:16  Drone x6  
  103  6:19  Overlord, Baneling Nest  
  103  6:20  Drone  
  103  6:23  Drone x2  
  103  6:24  Drone  
  106  6:28  Drone  
  106  6:29  Glial Reconstitution  
  106  6:31  Drone  
  108  6:32  Overlord, Evolution Chamber  
  107  6:40  Spore Crawler  
  107  6:41  Roach x6  
  107  6:43  Roach x2  
  119  6:49  Zergling x4  
  119  6:52  Drone x4  
  119  6:53  Drone x2  
  121  6:56  Overlord  
  119  7:02  Roach  
  119  7:03  Roach  
  119  7:04  Zerg Melee Weapons Level 2, Zerg Missile Weapons Level 1  
  119  7:05  Drone  
  124  7:11  Zergling x4  
  124  7:12  Zergling x8  
  124  7:15  Overlord  
  129  7:17  Drone x3  
  129  7:20  Drone x3  
  129  7:22  Roach, Zergling x2  
  137  7:26  Roach  
  137  7:27  Roach, Zergling x2  
  142  7:32  Roach x2, Zergling x2  
  142  7:36  Spore Crawler  
  144  7:45  Infestation Pit, Roach  
  144  7:46  Roach x2, Zergling x12  
  144  7:47  Centrifugal Hooks  
  155  7:52  Hatchery  
  154  7:59  Zergling x18  
  154  8:03  Overlord  
  154  8:05  Zergling x8  
  166  8:11  Overlord x2  
  167  8:13  Overlord  
  167  8:22  Pneumatized Carapace, Hive  
  167  8:23  Zergling x8  
  167  8:24  Zergling x8  
  167  8:25  Overlord  
  175  8:33  Ravager x4  
  179  8:34  Baneling x20  
  179  8:37  Zergling x16  
  179  8:41  Baneling x11  
  187  8:43  Zergling x4  
  187  8:47  Zergling x10  
  189  8:52  Zergling x2  
  189  8:53  Zergling x12  
  194  9:01  Zerg Missile Weapons Level 2  
  194  9:03  Zergling x10  
  194  9:07  Zergling x2  
  194  9:08  Baneling  
  194  9:09  Baneling x12  
  200  9:10  Overlord  
  187  9:18  Zergling x18  
  187  9:19  Zergling x4  
  187  9:22  Zergling x4  
  187  9:24  Zergling x2  
  186  9:27  Zergling x4  
  186  9:34  Zergling x2  
  186  9:35  Zergling x8  
  186  9:38  Zergling x6  
  173  9:40  Roach  
  173  9:43  Roach x2, Zergling x6  
  155  9:46  Roach x3  
  155  9:50  Roach x2  
  160  9:53  Adrenal Glands  
  160  9:54  Zergling x2  
  160  9:58  Drone x5  
  160  9:59  Drone  
  167  10:00  Baneling, Drone  
  167  10:01  Baneling x11  
  167  10:02  Baneling x3  
  167  10:05  Zergling x6  
  170  10:07  Zergling x6  
  170  10:08  Zergling x2  
  170  10:09  Ravager  
  170  10:10  Ravager  
  170  10:13  Zergling x10  
  181  10:16  Baneling  
  181  10:17  Baneling x6, Zergling x4  
  183  10:22  Zergling x6  
  183  10:23  Zergling x4  
  177  10:28  Zergling x12  
  177  10:38  Zergling x12  
  177  10:39  Zergling x2  
  182  10:44  Zergling x2  
  182  10:45  Zergling x10  
  182  10:46  Overseer  
  182  10:49  Baneling x19  
  188  10:51  Zergling x2  
  188  10:52  Queen  
  188  10:53  Zergling x6  
  188  10:56  Extractor, Zergling x6  
  196  11:02  Spire  
  194  11:06  Zergling x10  
  198  11:31  Zergling x4  
  200  11:37  Hatchery  
  200  11:38  Zergling x30  
  200  11:39  Zergling x8  
  198  11:41  Zergling x12  
  175  11:50  Roach x4  
  175  11:52  Zergling x2  
  175  11:55  Roach x2, Zergling x2  
  175  11:57  Zergling x4  
  175  11:59  Baneling x22  
  175  12:00  Baneling x14  
  175  12:01  Zergling x8  
  186  12:06  Zergling x4  
  186  12:07  Zergling x2  
  186  12:08  Zergling x6  
  192  12:10  Extractor  
  192  12:12  Zergling x4  
  192  12:14  Queen, Zergling x2  
  196  12:17  Greater Spire  
  196  12:18  Zergling x2  
  196  12:20  Zergling x2  
  198  12:23  Zergling x4  
  199  12:35  Zergling x20  
  196  12:42  Zergling x10  
  198  12:45  Zergling x2  
  198  12:46  Baneling x11  
  198  12:47  Baneling x4  
  199  12:51  Zergling x2  
  181  13:07  Zergling x14  
  181  13:08  Zergling x16  
  181  13:10  Zergling x2  
  176  13:18  Zergling x2  
  176  13:19  Zergling x8  
  167  13:20  Zergling x6  
  167  13:21  Baneling x3  
  167  13:23  Zergling x2  
  171  13:29  Corruptor x6  
  171  13:31  Baneling x11  
  171  13:32  Baneling x5  
  183  13:40  Overlord  
  180  13:54  Zergling x2  
  180  13:55  Corruptor x2, Zergling x10  
  178  13:58  Corruptor x3  
  178  14:00  Overlord  
  173  14:08  Brood Lord x3  
  173  14:09  Zergling x16  
  175  14:11  Overlord  
  166  14:19  Zergling x24  
  166  14:20  Zergling x10  
  186  14:26  Overlord  
  186  14:30  Brood Lord x3  
  180  14:31  Brood Lord  
  180  14:37  Zergling x12  
  177  14:41  Drone x4  
  180  14:47  Brood Lord  
  180  14:48  Zergling x4  
  184  14:59  Overlord  
  181  15:05  Spawning Pool  
  134  15:54  Zergling x50  
  155  16:06  Zergling x8  
  124  16:23  Roach Warren  
Show
View Real Time Build Order
Export as new Build Order

ShoWTimE Protoss 

Build Orders: 1 Gate Expand, Oracle Opening 

Get SALT Encoding   

  12  0:00  Probe  
  13  0:12  Probe  
  14  0:17  Pylon  
  14  0:24  Probe (Chrono Boost)  
  15  0:36  Probe (Chrono Boost)  
  15  0:39  Gateway  
  16  0:45  Probe (Chrono Boost)  
  16  0:46  Assimilator  
  17  0:51  Probe  
  18  1:03  Probe  
  19  1:15  Probe  
  20  1:23  Nexus  
  20  1:33  Cybernetics Core  
  20  1:36  Probe  
  21  1:42  Assimilator  
  21  1:48  Probe  
  21  1:50  Pylon  
  22  2:00  Probe  
  23  2:07  Adept (Chrono Boost)  
  23  2:12  Probe  
  26  2:20  Stargate  
  26  2:24  Probe  
  26  2:27  Adept (Chrono Boost)  
  29  2:35  Warp Gate  
  29  2:36  Probe (Chrono Boost)  
  31  2:42  Probe (Chrono Boost)  
  31  2:45  Probe (Chrono Boost)  
  31  2:49  Adept  
  31  2:50  Probe x2 (Chrono Boost)  
  35  2:57  Pylon  
  36  3:01  Probe  
  36  3:02  Probe  
  38  3:05  Oracle (Chrono Boost)  
  41  3:13  Probe  
  41  3:15  Probe  
  41  3:19  Adept  
  45  3:25  Probe  
  45  3:27  Probe  
  47  3:28  Gateway  
  47  3:34  Pylon  
  47  3:36  Oracle (Chrono Boost)  
  47  3:37  Probe  
  47  3:39  Probe  
  52  3:49  Probe  
  52  3:51  Probe  
  54  3:59  Nexus  
  54  4:01  Probe  
  55  4:04  Pylon  
  55  4:06  Oracle (Chrono Boost)  
  58  4:13  Probe  
  59  4:18  Probe  
  59  4:19  Nexus  
  59  4:23  Assimilator  
  60  4:25  Probe  
  60  4:26  Assimilator  
  60  4:28  Pylon  
  60  4:30  Probe  
  60  4:31  Adept x2  
  64  4:37  Probe  
  67  4:42  Probe  
  67  4:43  Robotics Facility  
  68  4:49  Probe  
  68  4:51  Forge, Pylon  
  69  4:54  Probe  
  69  4:55  Stalker  
  72  5:01  Probe  
  72  5:06  Probe  
  74  5:13  Probe  
  72  5:18  Probe  
  72  5:21  Protoss Ground Weapons Level 1 (Chrono Boost), Gateway, Oracle (Chrono Boost)  
  73  5:25  Probe  
  73  5:28  Sentry  
  79  5:30  Pylon, Probe  
  79  5:32  Sentry, Probe  
  81  5:37  Probe  
  81  5:38  Immortal (Chrono Boost)  
  87  5:42  Probe  
  87  5:44  Probe  
  87  5:46  Shield Battery  
  87  5:49  Probe  
  89  5:55  Probe  
  89  5:56  Probe, Robotics Bay  
  91  5:58  Assimilator  
  91  5:59  Pylon  
  91  6:01  Probe  
  91  6:03  Assimilator  
  92  6:04  Phoenix x2  
  92  6:07  Probe  
  92  6:08  Probe  
  92  6:10  Photon Cannon, Observer (Chrono Boost)  
  95  6:13  Twilight Council  
  95  6:14  Probe  
  95  6:18  Zealot x3  
  102  6:19  Probe  
  102  6:21  Probe  
  102  6:22  Pylon  
  104  6:26  Probe  
  104  6:31  Probe  
  104  6:32  Warp Prism (Chrono Boost)  
  108  6:40  Gateway  
  108  6:42  Gateway  
  108  6:45  Gateway  
  108  6:47  Zealot x3  
  114  6:58  Charge  
  114  7:00  Dark Shrine  
  114  7:05  Forge, Disruptor (Chrono Boost)  
  117  7:10  Probe x2  
  117  7:11  Probe, Protoss Ground Weapons Level 2 (Chrono Boost)  
  120  7:18  Nexus  
  120  7:19  Pylon  
  120  7:24  Pylon  
  120  7:27  Photon Cannon, Probe x2  
  120  7:28  Pylon, Probe  
  123  7:39  Disruptor (Chrono Boost)  
  126  7:49  Gateway  
  126  7:50  Gateway  
  126  7:51  Gateway  
  126  7:52  Photon Cannon  
  126  7:53  Probe x3  
  126  7:56  Photon Cannon  
  129  7:59  Shield Battery  
  129  8:01  Protoss Shields Level 1 (Chrono Boost)  
  129  8:05  Probe x3  
  131  8:06  Zealot x4  
  131  8:08  Disruptor (Chrono Boost)  
  143  8:14  Pylon  
  143  8:17  Assimilator, Probe  
  143  8:18  Probe  
  146  8:21  Pylon  
  146  8:22  Assimilator, Dark Templar  
  146  8:23  Dark Templar  
  149  8:27  Archon  
  149  8:29  Dark Templar x2, Probe  
  149  8:30  Dark Templar  
  149  8:33  Dark Templar  
  158  8:36  Archon  
  158  8:41  Archon, Disruptor  
  158  8:44  Photon Cannon  
  151  8:57  Gateway  
  151  9:00  Dark Templar x2  
  151  9:02  Dark Templar x2  
  159  9:06  Archon x2, Stalker x2  
  163  9:11  Stalker x3  
  162  9:18  Probe  
  157  9:30  Pylon  
  157  9:32  Pylon  
  157  9:34  Pylon  
  157  9:35  Probe  
  157  9:36  Pylon, Probe  
  157  9:37  Probe  
  150  9:39  Stalker x5  
  150  9:44  Probe  
  129  9:46  Immortal (Chrono Boost)  
  129  9:48  Probe  
  129  9:49  Probe x2  
  129  9:51  Protoss Ground Weapons Level 3 (Chrono Boost)  
  133  9:56  Pylon, Probe  
  134  10:00  Probe  
  134  10:01  Probe x2  
  137  10:07  Dark Templar x2  
  137  10:08  Probe  
  137  10:10  Shield Battery  
  137  10:12  Probe  
  137  10:13  Archon, Probe  
  137  10:14  Probe  
  145  10:16  Stalker  
  147  10:24  Zealot  
  147  10:25  Zealot x3  
  155  10:34  Protoss Shields Level 2 (Chrono Boost)  
  155  10:36  Zealot x2  
  155  10:41  Probe x3  
  162  10:43  Pylon  
  162  10:47  Pylon  
  162  10:50  Dark Templar x2  
  162  10:54  Archon, Dark Templar x2  
  170  10:59  Archon  
  170  11:06  Dark Templar x4  
  170  11:10  Blink  
  178  11:11  Archon  
  178  11:12  Archon, Pylon  
  178  11:24  Dark Templar x2  
  182  11:29  Archon  
  182  11:31  Nexus  
  182  11:37  Pylon, Zealot x3  
  180  11:45  Zealot x4  
  156  11:54  Nexus  
  148  11:57  Dark Templar x4  
  156  12:02  Archon x2  
  156  12:05  Dark Templar x2  
  160  12:08  Archon  
  160  12:10  Dark Templar x2  
  164  12:15  Archon  
  164  12:17  Dark Templar x2  
  168  12:23  Archon  
  168  12:25  Photon Cannon  
  168  12:32  Stalker x3  
  142  12:51  Dark Templar x3  
  148  12:55  Archon, Dark Templar  
  150  12:58  Zealot  
  150  13:04  Zealot x2  
  117  13:23  Zealot  
  117  13:24  Nexus  
  119  13:31  Zealot x2  
  120  13:44  Zealot x3  
  106  14:10  Stalker x5  
  115  14:22  Dark Templar  
  117  14:32  Stalker x2  
  121  14:40  Stalker  
  120  15:00  Zealot x3  
  108  15:16  Zealot  
  108  15:17  Zealot x2  
  114  15:21  Dark Templar  
  99  15:49  Stalker x2  

Tags
 
Add a new tag
Caveats
  • Supply blocks, unpowered buildings, or Contaminate may cause inaccurate times.
  • Supply counts are checked every 10 seconds.